 Dungeon Crawl Stone Soup version 0.28.0-43-g3370ac3207 (webtiles) character file.

Game seed: 14342830733796647371

57 terff the Conjurer (level 4, -5/30 HPs)
             Began as a Human Conjurer on Mar 28, 2022.
             Slain by Natasha (7 damage)
             ... on level 2 of the Dungeon.
             The game lasted 00:06:55 (1730 turns).

terff the Conjurer (Human Conjurer)                 Turns: 1730, Time: 00:06:55

Health: -5/30      AC:  2    Str:  7    XL:     4   Next: 18%
Magic:  1/7        EV: 12    Int: 20    God:
Gold:   80         SH:  0    Dex: 12    Spells: 3/7 levels left

rFire   . . .      SeeInvis .   f - staff of death
rCold   . . .      Faith    .   (no shield)
rNeg    + . .      Spirit   .   a - +0 robe
rPois   .          Reflect  .   (no helmet)
rElec   .          Harm     .   (no cloak)
rCorr   .          Rampage  .   (no gloves)
Will    .....                   (no boots)
Stlth   +.........              (no amulet)
HPRegen 0.10/turn               (no ring)
MPRegen 0.10/turn               (no ring)

@: silenced, slowed, very slow
A: no striking features
a: no special abilities


You were on level 2 of the Dungeon.
You visited 1 branch of the dungeon, and saw 2 of its levels.

You collected 80 gold pieces.

Inventory:

Hand Weapons
 c - a +0 club
 e - a +0 spear
Missiles
 g - 19 stones
Armour
 a - a +0 robe (worn)
Magical Staves
 f - a staff of death (weapon)
Scrolls
 j - 2 scrolls of teleportation {unknown}
Potions
 d - a potion of magic {unknown}
 h - a potion of mutation {unknown}
 i - a potion of curing {unknown}


   Skills:
 + Level 2.1 Dodging
 + Level 2.1 Stealth
 + Level 2.4 Spellcasting
 + Level 5.0 Conjurations


You had 3 spell levels left.
You knew the following spells:

 Your Spells              Type           Power      Damage    Failure   Level
a - Magic Dart            Conj           88%        1d7       1%          1
b - Sandblast             Erth           4%         2d4       16%         1
c - Searing Ray           Conj           44%        2d6       2%          2

Your spell library contained the following spells:

 Spells                   Type           Power      Damage    Failure   Level
 Dazzling Flash           Conj/Hex       24%        N/A       16%         3
 Stone Arrow              Conj/Erth      24%        3d8       16%         3
 Passwall                 Tmut/Erth      1%         N/A       22%         2
 Fulminant Prism          Conj/Hex       6%         3d7       47%         4
 Iskenderun's Mystic Bla  Conj/Tloc      12%        2d5       47%         4


Dungeon Overview and Level Annotations

Branches:
Dungeon (2/15)

Altars:

Annotations:
D:2 Natasha


Message History

Natasha is moderately wounded.
Natasha casts a spell at you. The magic dart hits you.
Casting: Sandblast (safe; 16% risk of failure)
Confirm with . or Enter, or press ? or * to list all spells.
Aiming: Sandblast (safe; 16% risk of failure)
Press: ? - help, Shift-Dir - straight line, f/p - Natasha
Aim: Natasha (moderately wounded, 72% to hit)
The blast of sand hits Natasha.
Natasha is moderately wounded.
g - 19 stones Natasha closely misses you.
You see here an adder corpse.
Natasha mumbles some strange words.
Natasha mumbles some strange words.
You feel troubled.
Your magical contamination has completely faded away.
Natasha stares at you and mumbles some strange words.
You feel yourself slow down.
Casting: Sandblast (safe; 16% risk of failure)
Confirm with . or Enter, or press ? or * to list all spells.
Aiming: Sandblast (safe; 16% risk of failure)
Press: ? - help, Shift-Dir - straight line, f/p - Natasha
Aim: Natasha (moderately wounded, 72% to hit)
You miscast Sandblast.
You are very lightly contaminated with residual magic.
Nothing appears to happen.
Natasha barely misses you. x2
As you read the scroll labelled SIHE ZARABI, it crumbles to dust.
A profound silence engulfs you.
It was a scroll of silence.
Natasha claws you!
* * * LOW HITPOINT WARNING * * *
Natasha claws you but does no damage. Natasha claws you but does no damage.
Your magical contamination has completely faded away.
Natasha claws you.
* * * LOW HITPOINT WARNING * * *
Natasha claws you.
* * * LOW HITPOINT WARNING * * *
Magic scrolls do not work when you're silenced!
Natasha claws you!
You die...

# #.........# #. ..# .
.#.............. ...
.##.#.###.#..###### . ..###...#.#
#.#..# ..#####......#.#
#.#..###### ............#.#
#.#........ ########.....#....#.#
#.#........ ........###.......#.#
#.#........
#####.........5h@.#.###.###......
......#.###..##.........###......
###†..#.# #..##.#.#.###..........
......#.# #..##.#.#.# #..........
###...#.###..##.#.#.# #..........
#...#.##....#.#.#.# #..........
###.###.##....#.#.#.# #..........
................#.#.# #..........
###.###.######..#.... ...........


You could see an iron imp (summoned) and Natasha.

Vanquished Creatures
  A gnoll (D:1)
  An adder (D:2)
  5 bats
  7 endoplasms
  4 giant cockroaches
  2 goblins
  3 hobgoblins (D:1)
  2 quokkas
  2 ball pythons (D:1)
  A frilled lizard (D:1)
  2 kobolds (D:1)
  3 rats
33 creatures vanquished.

Notes
Turn   | Place    | Note
-------+----------+-------------------------------------------
     0 | D:1      | terff the Human Conjurer began the quest for the Orb.
     0 | D:1      | Reached XP level 1. HP: 13/13 MP: 3/3
   317 | D:1      | Reached XP level 2. HP: 19/19 MP: 3/5
   461 | D:1      | Reached XP level 3. HP: 14/24 MP: 0/6
   961 | D:1      | Learned a level 1 spell: Sandblast
   964 | D:1      | Learned a level 2 spell: Searing Ray
  1649 | D:2      | Reached skill level 5 in Conjurations
  1649 | D:2      | Reached XP level 4. HP: 30/30 MP: 3/7
  1698 | D:2      | Noticed Natasha
  1730 | D:2      | Slain by Natasha

Illustrated notes

Levels and vault maps discovered:
D:1:      psy_arrival_dodecagon, layout_basic, st_stairs_6
D:2:      layout_basic, shapermc_ecumenical_altar_mp_vishouse, uniq_natasha

Skill      XL: |  1  2  3 |
---------------+----------+-----
Conjurations   | 5 |  5.0
Dodging        | |  2.1
Stealth        | |  2.1
Spellcasting   | |  2.4

Action                   |  1- 3 |  4- 6 || total
-------------------------+-------+-------++-------
Melee: Club              |     6 |       ||     6
       Staff             |     5 |     5 ||    10
       Spear             |     1 |       ||     1
       Punch             |       |     1 ||     1
 Cast: Magic Dart        |    62 |     5 ||    67
       Sandblast         |     5 |     2 ||     7
  Use: Scroll            |     2 |     1 ||     3
Armor: Robe              |     7 |     2 ||     9
Dodge: Dodged            |    28 |     8 ||    36
